ESL (28 & UNDER)
SPRINGFIELD SIMPSONS @ READING RAINBOWS
07/16/2026
 
TOP OF THE 1ST
Springfield Simpsons batting - Pitching for Reading Rainbows : LHP Armando Rodríguez
Pitching: LHP Armando Rodríguez
Batting: RHB Nick Harris 0-0: Ball
1-0: Foul Ball, location: 2F
1-1: Foul Ball, location: 2F
1-2: Foul Ball, location: 2F
1-2: Ground out 4-3 (Groundball, 4)
Batting: RHB Ken McDonald 0-0: Fly out, F7 (Line Drive, 78M)
Batting: LHB Tony O'Bryan 0-0: Ball
1-0: Called Strike
1-1: Foul Ball, location: 2F
1-2: Ground out 4-3 (Groundball, 4)
Top of the 1st over - 0 run(s), 0 hit(s), 0 error(s), 0 left on base; Springfield 0 - Reading 0
BOTTOM OF THE 1ST
Reading Rainbows batting - Pitching for Springfield Simpsons : RHP Mark Anderson
Pitching: RHP Mark Anderson
Batting: RHB Kyle Hollingsworth 0-0: Ball
1-0: Called Strike
1-1: Fly out, F5 (Popup, 5L)
Batting: LHB Richard Henry 0-0: Ball
1-0: Ball
2-0: Called Strike
2-1: Ball
3-1: Ground out 4-3 (Groundball, 4)
Batting: RHB Dan Banks 0-0: Ball
1-0: Swinging Strike
1-1: Ball
2-1: Ball
3-1: DOUBLE (Groundball, 5L)
Batting: RHB Hubert Brown 0-0: Fly out, F6 (Line Drive, 6)
Bottom of the 1st over - 0 run(s), 1 hit(s), 0 error(s), 1 left on base; Springfield 0 - Reading 0
TOP OF THE 2ND
Springfield Simpsons batting - Pitching for Reading Rainbows : LHP Armando Rodríguez
Batting: RHB Brant Sherman 0-0: Called Strike
0-1: Foul Ball, location: 2F
0-2: Strikes out looking
Batting: RHB Gavin Downey 0-0: Ball
1-0: Foul Ball, location: 2F
1-1: Swinging Strike
1-2: Strikes out swinging
Batting: RHB Manny Ramírez 0-0: Ball
1-0: SINGLE (Line Drive, 8LS)
Batting: SHB Jorge García 0-0: Called Strike
0-1: Fly out, F9 (Flyball, 9LS)
Top of the 2nd over - 0 run(s), 1 hit(s), 0 error(s), 1 left on base; Springfield 0 - Reading 0
BOTTOM OF THE 2ND
Reading Rainbows batting - Pitching for Springfield Simpsons : RHP Mark Anderson
Batting: RHB Albert Lutz 0-0: Called Strike
0-1: Fly out, F9 (Flyball, 89M)
Batting: LHB Shane Lynch 0-0: Foul Ball, location: 2F
0-1: Ball
1-1: Foul Ball, location: 2F
1-2: Fly out, F4 (Popup, 4)
Batting: RHB Ron King 0-0: SINGLE (Flyball, 4MD)
Batting: RHB Donald Sanford 0-0: Ball
1-0: Ball
2-0: Called Strike
2-1: Ball
3-1: Called Strike
3-2: Base on Balls
Ron King to second
Batting: LHB Wally Coker 0-0: Called Strike
0-1: Ground out 1-3 (Groundball, 13)
Bottom of the 2nd over - 0 run(s), 1 hit(s), 0 error(s), 2 left on base; Springfield 0 - Reading 0
TOP OF THE 3RD
Springfield Simpsons batting - Pitching for Reading Rainbows : LHP Armando Rodríguez
Batting: RHB Esteban Salas 0-0: Ball
1-0: Fly out, F4 (Popup, 4MD)
Batting: RHB Kawanari Hara 0-0: Ball
1-0: Reached on error, E5 (Groundball, 5)
Batting: RHB Nick Harris 0-0: Swinging Strike
0-1: Ball
1-1: Swinging Strike
1-2: Strikes out swinging
Batting: RHB Ken McDonald 0-0: Ball
1-0: Ball
2-0: Ball
3-0: Called Strike
3-1: Ground out 5-3 (Groundball, 56)
Top of the 3rd over - 0 run(s), 0 hit(s), 1 error(s), 1 left on base; Springfield 0 - Reading 0
BOTTOM OF THE 3RD
Reading Rainbows batting - Pitching for Springfield Simpsons : RHP Mark Anderson
Batting: RHB Kyle Hollingsworth 0-0: Ball
1-0: Swinging Strike
1-1: Called Strike
1-2: Ground out 5-3 (Groundball, 5L)
Batting: LHB Richard Henry 0-0: Called Strike
0-1: Ball
1-1: Ball
2-1: Foul Ball, location: 2F
2-2: Foul Ball, location: 2F
2-2: Foul Ball, location: 2F
2-2: Fly out, F8 (Flyball, 8RXD)
Batting: RHB Dan Banks 0-0: Swinging Strike
0-1: Ball
1-1: Swinging Strike
1-2: Ball
2-2: Ball
3-2: Base on Balls
Batting: RHB Hubert Brown 0-0: Ball
1-0: Ball
2-0: Ball
3-0: Foul Ball, location: 2F
3-1: SINGLE (Groundball, 4MD)
Dan Banks to second
Runner from 2nd tries for 3rd, SAFE, throw made to third
Hubert Brown to second
Batting: RHB Albert Lutz 0-0: Fly out, F9 (Line Drive, 89S)
Bottom of the 3rd over - 0 run(s), 1 hit(s), 0 error(s), 2 left on base; Springfield 0 - Reading 0
TOP OF THE 4TH
Springfield Simpsons batting - Pitching for Reading Rainbows : LHP Armando Rodríguez
Batting: LHB Tony O'Bryan 0-0: Ball
1-0: Foul Ball, location: 2F
1-1: Ball
2-1: Ball
3-1: Base on Balls
Batting: RHB Brant Sherman 0-0: SINGLE (Line Drive, 9LS)
Tony O'Bryan to second
Batting: RHB Gavin Downey 0-0: Ball
1-0: Ball
2-0: Called Strike
2-1: Ball
3-1: Called Strike
3-2: Strikes out looking
Batting: RHB Manny Ramírez 0-0: SINGLE (Flyball, 89S)
Tony O'Bryan to third
Brant Sherman to second
Batting: SHB Jorge García 0-0: Foul Ball, location: 2F
0-1: Fly out, F7 (Line Drive, 7S)
Batting: RHB Esteban Salas 0-0: Called Strike
0-1: Called Strike
0-2: Ball
1-2: Ball
2-2: Strikes out swinging
Top of the 4th over - 0 run(s), 2 hit(s), 0 error(s), 3 left on base; Springfield 0 - Reading 0
BOTTOM OF THE 4TH
Reading Rainbows batting - Pitching for Springfield Simpsons : RHP Mark Anderson
Batting: LHB Shane Lynch 0-0: Ball
1-0: Foul Ball, location: 2F
1-1: Foul Ball, location: 2F
1-2: Foul Ball, location: 2F
1-2: Ball
2-2: SINGLE (Flyball, 7S)
Batting: RHB Ron King 0-0: Reached on error, E6 (Groundball, 6)
Shane Lynch to second
Batting: RHB Donald Sanford 0-0: Ball
1-0: Called Strike
1-1: Foul Ball, location: 2F
1-2: Ball
2-2: Strikes out swinging
Batting: LHB Wally Coker 0-0: Ball
1-0: Grounds into double play, 5-4-3 (Groundball, 56)
Bottom of the 4th over - 0 run(s), 1 hit(s), 1 error(s), 1 left on base; Springfield 0 - Reading 0
TOP OF THE 5TH
Springfield Simpsons batting - Pitching for Reading Rainbows : LHP Armando Rodríguez
Batting: RHB Kawanari Hara 0-0: Called Strike
0-1: Ball
1-1: Ball
2-1: Ball
3-1: Swinging Strike
3-2: Foul Ball, location: 2F
3-2: Strikes out swinging
Batting: RHB Nick Harris 0-0: Ball
1-0: Ball
2-0: Called Strike
2-1: Called Strike
2-2: Fly out, F9 (Flyball, 89S)
Batting: RHB Ken McDonald 0-0: Ball
1-0: Ball
2-0: SINGLE (Groundball, 56D)
Batting: LHB Tony O'Bryan 0-0: Called Strike
0-1: Ball
1-1: Ball
2-1: Ball
3-1: Base on Balls
Ken McDonald to second
Batting: RHB Brant Sherman 0-0: Ball
1-0: Ground out 4-3 (Groundball, 34)
Top of the 5th over - 0 run(s), 1 hit(s), 0 error(s), 2 left on base; Springfield 0 - Reading 0
BOTTOM OF THE 5TH
Reading Rainbows batting - Pitching for Springfield Simpsons : RHP Mark Anderson
Batting: RHB Kyle Hollingsworth 0-0: Called Strike
0-1: Called Strike
0-2: Ball
1-2: Foul Ball, location: 2F
1-2: Fly out, F4 (Popup, 3D)
Batting: LHB Richard Henry 0-0: Ball
1-0: Called Strike
1-1: Foul Ball, location: 2F
1-2: Foul Ball, location: 2F
1-2: Ground out U3 (Groundball, 3S)
Batting: RHB Dan Banks 0-0: Called Strike
0-1: Ball
1-1: Called Strike
1-2: Ground out 1-3 (Groundball, 13S)
Bottom of the 5th over - 0 run(s), 0 hit(s), 0 error(s), 0 left on base; Springfield 0 - Reading 0
TOP OF THE 6TH
Springfield Simpsons batting - Pitching for Reading Rainbows : LHP Armando Rodríguez
Batting: RHB Gavin Downey 0-0: Ball
1-0: Foul Ball, location: 2F
1-1: Ball
2-1: Swinging Strike
2-2: Strikes out swinging
Batting: RHB Manny Ramírez 0-0: Foul Ball, location: 2F
0-1: Ball
1-1: Ground out 6-3 (Groundball, 6M)
Batting: SHB Jorge García 0-0: Called Strike
0-1: Foul Ball, location: 2F
0-2: Ball
1-2: Ball
2-2: Foul Ball, location: 2F
2-2: Foul Ball, location: 2F
2-2: Foul Ball, location: 2F
2-2: Ground out 5-3 (Groundball, 56S)
Top of the 6th over - 0 run(s), 0 hit(s), 0 error(s), 0 left on base; Springfield 0 - Reading 0
BOTTOM OF THE 6TH
Reading Rainbows batting - Pitching for Springfield Simpsons : RHP Mark Anderson
Batting: RHB Hubert Brown 0-0: Called Strike
0-1: Foul Ball, location: 2F
0-2: Ball
1-2: Ball
2-2: Strikes out looking
Batting: RHB Albert Lutz 0-0: Fly out, F8 (Flyball, 89D)
Batting: LHB Shane Lynch 0-0: Called Strike
0-1: SINGLE (Groundball, 34)
Batting: RHB Ron King 0-0: Ball
1-0: Fielders Choice at 2nd, 5-4 (Groundball, 56)
Bottom of the 6th over - 0 run(s), 1 hit(s), 0 error(s), 0 left on base; Springfield 0 - Reading 0
TOP OF THE 7TH
Springfield Simpsons batting - Pitching for Reading Rainbows : LHP Armando Rodríguez
Pinch Hitting: RHB Danny Crouch 0-0: Called Strike
0-1: Foul Ball, location: 2F
0-2: Ball
1-2: Ball
2-2: Strikes out swinging
Pitching: LHP Don Carter
Batting: RHB Kawanari Hara 0-0: Called Strike
0-1: Ball
1-1: Foul Ball, location: 2F
1-2: Strikes out swinging
Batting: RHB Nick Harris 0-0: Called Strike
0-1: Foul Ball, location: 2F
0-2: Ball
1-2: SINGLE (Line Drive, 6MD)
Batting: RHB Ken McDonald 0-0: Ball
1-0: Ground out 1-3 (Groundball, 25)
Top of the 7th over - 0 run(s), 1 hit(s), 0 error(s), 1 left on base; Springfield 0 - Reading 0
BOTTOM OF THE 7TH
Reading Rainbows batting - Pitching for Springfield Simpsons : RHP Mark Anderson
Now at 3B: Danny Crouch
Batting: RHB Donald Sanford 0-0: SINGLE (Line Drive, 8LS)
Pinch Runner at 1st Carlos Huerta:
Batting: LHB Wally Coker 0-0: Ball
1-0: Ball
2-0: Called Strike
2-1: Fly out, F6 (Line Drive, 6)
Pitching: LHP Rubén Rico
Batting: RHB Kyle Hollingsworth 0-0: Ball
1-0: DOUBLE (Line Drive, 78M)
Carlos Huerta to third
Pinch Hitting: RHB Von Ford 0-0: Called Strike
0-1: SINGLE (Groundball, 25) (infield hit)
Pinch Runner at 1st Juan Magdayao:
Batting: RHB Dan Banks 0-0: Called Strike
0-1: Called Strike
0-2: Ball
1-2: Fielders Choice at 2nd, 3-6 (Groundball, 3)
Carlos Huerta scores
Kyle Hollingsworth to third
Batting: RHB Hubert Brown 0-0: Ball
Dan Banks is caught stealing 2nd base
Bottom of the 7th over - 1 run(s), 3 hit(s), 0 error(s), 0 left on base; Springfield 0 - Reading 1
TOP OF THE 8TH
Springfield Simpsons batting - Pitching for Reading Rainbows : LHP Don Carter
Now at SS: Tim Davis
Now in RF: Carlos Huerta
Batting: LHB Tony O'Bryan 0-0: Foul Ball, location: 2F
0-1: Called Strike
0-2: Ball
1-2: Ground out 1-3 (Groundball, 13S)
Pitching: RHP Chris Lee
Batting: RHB Brant Sherman 0-0: Ball
1-0: Swinging Strike
1-1: Called Strike
1-2: Strikes out swinging
Batting: RHB Gavin Downey 0-0: Ball
1-0: Ball
2-0: Called Strike
2-1: SINGLE (Groundball, 56) (infield hit)
Batting: RHB Manny Ramírez 0-0: Called Strike
0-1: Ball
1-1: Ball
2-1: Ball
3-1: Ground out 6-3 (Groundball, 6)
Top of the 8th over - 0 run(s), 1 hit(s), 0 error(s), 1 left on base; Springfield 0 - Reading 1
BOTTOM OF THE 8TH
Reading Rainbows batting - Pitching for Springfield Simpsons : LHP Rubén Rico
Batting: RHB Hubert Brown 0-0: Called Strike
0-1: Swinging Strike
0-2: Ball
1-2: Ground out 4-3 (Groundball, 4M)
Batting: RHB Albert Lutz 0-0: Foul Ball, location: 2F
0-1: Called Strike
0-2: Fly out, F9 (Flyball, 9D)
Batting: LHB Shane Lynch 0-0: Ground out 5-3 (Groundball, 56S)
Bottom of the 8th over - 0 run(s), 0 hit(s), 0 error(s), 0 left on base; Springfield 0 - Reading 1
TOP OF THE 9TH
Springfield Simpsons batting - Pitching for Reading Rainbows : RHP Chris Lee
Pitching: LHP Jason Nichols
Pinch Hitting: SHB Kevin Vickers 0-0: Ball
1-0: Ball
2-0: Ball
3-0: Base on Balls
Batting: RHB Danny Crouch 0-0: Called Strike
0-1: Swinging Strike
0-2: Ball
1-2: Foul Ball, location: 2F
1-2: Foul Ball, location: 2F
1-2: Foul Ball, location: 2F
1-2: Strikes out swinging
Batting: RHB Kawanari Hara 0-0: Swinging Strike
0-1: Swinging Strike
0-2: Hit by Pitch
Kevin Vickers to second
Batting: RHB Nick Harris 0-0: Called Strike
0-1: Called Strike
0-2: Ball
1-2: Ball
2-2: Ball
3-2: Grounds into double play, 6-4-3 (Groundball, 6)
Top of the 9th over - 0 run(s), 0 hit(s), 0 error(s), 1 left on base; Springfield 0 - Reading 1
Monday, December 5th, 2016 - OOTP Baseball 17.12 Build 75